 Dungeon Crawl Stone Soup version 0.24.0-124-g2791043dd8 (webtiles) character file.

Game seed: 1580392776247584124, levelgen mode: deterministic

57535 hallab the Severer (level 14, -4/118 HPs)
             Began as a Minotaur Fighter on Feb 8, 2020.
             Was an Elder of Yredelemnul.
             Splashed by an oklob plant's acid (13 damage)
             ... on level 1 of the Lair of Beasts on Feb 16, 2020.
             The game lasted 01:12:40 (20914 turns).

hallab the Severer (Minotaur Fighter)              Turns: 20914, Time: 01:12:41

Health: -4/118     AC:  7    Str: 32    XL:     14   Next: 46%
Magic:  15/21      EV: 15    Int:  5    God:    Yredelemnul [****..]
Gold:   867        SH: 15    Dex: 18    Spells: 13/13 levels left

rFire    . . .     SeeInvis .   a - +2 hand axe (chop)
rCold    + . .     Gourm    .   k - +0 shield
rNeg     . . .     Faith    .   x - +3 chain mail
rPois    +         Spirit   .   (helmet restricted)
rElec    +         Reflect  .   K - +1 cloak {rPois}
rCorr    .         Harm     .   (no gloves)
MR       +....     Clarity  +   o - +0 pair of boots Stlth ..........NoTele +
                                l - amulet of regeneration
HPRegen  0.69/turn              r - ring of Balance {-Tele rElec rC+ Str+6 Dex+4}
MPRegen  0.17/turn              H - ring "Yniocuv" {AC+3 Str+4}

@: corroded
A: retaliatory headbutt, horns 2, blink, clarity, robust 1
a: Blink, Recall Undead Slaves, Injury Mirror, Animate Dead, Drain Life,
Renounce Religion


You were on level 1 of the Lair of Beasts.
You worshipped Yredelemnul.
Yredelemnul was greatly pleased with you.
You were not hungry.

You visited 4 branches of the dungeon, and saw 19 of its levels.
You also visited: Sewer and Bailey.

You collected 2353 gold pieces.
You spent 1486 gold pieces at shops.

Inventory:

Hand Weapons
 a - a +2 hand axe of chopping (weapon)
 y - a +0 war axe of draining
 I - a +2 flail of draining
 J - a +0 dagger of venom
Missiles
 d - 69 boomerangs (quivered)
 e - 56 poisoned darts
 f - 646 stones
Armour
 k - a +0 shield (worn)
 o - a +0 pair of boots (worn)
 x - a +3 chain mail (worn)
 K - a +1 cloak of poison resistance (worn)
Magical Staves
 v - an uncursed staff of air
Jewellery
 l - an amulet of regeneration (around neck)
 r - the ring of Balance (left hand) {-Tele rElec rC+ Str+6 Dex+4}
   (You found it on level 7 of the Dungeon)

   [ring of dexterity]

   It affects your strength (+6).
   It affects your dexterity (+4).
   It protects you from cold.
   It insulates you from electricity.
   It prevents most forms of teleportation.
 t - an uncursed ring of resist corrosion
 A - an uncursed ring of ice
 E - a +4 ring of strength
 H - the ring "Yniocuv" (right hand) {AC+3 Str+4}
   (You found it on level 7 of the Dungeon)

   [ring of protection]

   It affects your AC (+3).
   It affects your strength (+4).
 P - an uncursed ring of protection from fire
Wands
 b - a wand of disintegration (8)
 p - a wand of flame (16)
 L - a wand of digging (8)
 O - a wand of iceblast (8)
Scrolls
 h - 4 scrolls of remove curse
 j - 8 scrolls of teleportation
 m - a scroll of amnesia
 n - 4 scrolls of enchant weapon
 q - 7 scrolls of enchant armour
 s - 3 scrolls of fear
 u - 3 scrolls of blinking
 D - a scroll of magic mapping
 U - 2 scrolls of identify
Potions
 i - 6 potions of curing
 w - a potion of cancellation
 z - 4 potions of flight
 C - 3 potions of heal wounds
 N - 4 potions of might
 Q - a potion of lignification
 R - a potion of invisibility
 S - a potion of mutation
 T - a potion of brilliance {unknown}
 V - 2 potions of berserk rage
Miscellaneous
 W - a phantom mirror
Comestibles
 g - 36 rations
 B - 5 chunks of flesh


   Skills:
 - Level 5.7 Fighting
 + Level 16.6 Axes
 - Level 2.3 Throwing
 * Level 13.5 Armour
 + Level 8.5 Dodging
 - Level 0.1 Stealth
 * Level 13.4 Shields
 - Level 11.1 Invocations


You had 13 spell levels left.
You didn't know any spells.
Your spell library contained the following spells:

 Spells                   Type           Power        Failure   Level  Hunger
 Animate Skeleton         Necr           N/A          91%         1    ##.....
 Apportation              Tloc           #.....       91%         1    ##.....
 Beastly Appendage        Tmut           #.....       91%         1    ##.....
 Confusing Touch          Hex            #.....       91%         1    ##.....
 Corona                   Hex            #......      91%         1    ##.....
 Sandblast                Erth           #.....       91%         1    ##.....
 Shock                    Conj/Air       #...         91%         1    ##.....
 Summon Small Mammal      Summ           #...         91%         1    ##.....
 Ensorcelled Hibernation  Hex/Ice        #.....       97%         2    ###....
 Passwall                 Tmut/Erth      #.......     97%         2    ###....
 Poisonous Vapours        Pois/Air       #.....       97%         2    ###....
 Sticks to Snakes         Tmut           #.......     97%         2    ###....
 Swiftness                Chrm/Air       #.......     97%         2    ###....
 Confuse                  Hex            #.......     99%         3    ####...
 Conjure Flame            Conj/Fire      #.......     99%         3    ####...
 Dazzling Spray           Conj/Hex       #.....       99%         3    ####...
 Gell's Gravitas          Tloc           #.........   99%         3    ####...
 Mephitic Cloud           Conj/Pois/Air  #.......     99%         3    ####...
 Portal Projectile        Hex/Tloc       #.....       99%         3    ####...
 Spider Form              Tmut/Pois      #.........   99%         3    ####...
 Static Discharge         Conj/Air       #.......     99%         3    ####...
 Stone Arrow              Conj/Erth      #.....       99%         3    ####...
 Tukima's Dance           Hex            #.......     99%         3    ####...
 Airstrike                Air            #.........   100%        4    #####..
 Force Lance              Conj/Tloc      #.......     100%        4    #####..
 Ice Form                 Ice/Tmut       #.......     100%        4    #####..
 Petrify                  Tmut/Erth      #.......     100%        4    #####..
 Blade Hands              Tmut           #.........   100%        5    ######.
 Irradiate                Conj/Tmut      #.........   100%        5    ######.
 Lee's Rapid Deconstruct  Erth           #.........   100%        5    ######.
 Lightning Bolt           Conj/Air       #.........   100%        5    ######.
 Silence                  Hex/Air        #.........   100%        5    ######.
 Darkness                 Hex            #.........   100%        6    #######
 Dispersal                Tloc           #.........   100%        6    #######
 Freezing Cloud           Conj/Ice/Air   #.........   100%        6    #######
 Hydra Form               Tmut           #.........   100%        6    #######
 Poison Arrow             Conj/Pois      #.........   100%        6    #######
 Statue Form              Tmut/Erth      #........    100%        6    #######
 Dragon Form              Tmut           #.........   100%        7    #######
 Ring of Flames           Chrm/Fire      #.........   100%        7    #######
 Chain Lightning          Conj/Air       #.........   100%        8    #######
 Controlled Blink         Tloc           N/A          100%        8    #######
 Disjunction              Tloc           #.........   100%        8    #######
 Lehudib's Crystal Spear  Conj/Erth      #.........   100%        8    #######
 Fire Storm               Conj/Fire      #.........   100%        9    #######
 Glaciate                 Conj/Ice       #.........   100%        9    #######
 Shatter                  Erth           #.........   100%        9    #######


Dungeon Overview and Level Annotations

Branches:
Dungeon (15/15)            Temple (1/1) D:5            Lair (1/6) D:8
    Orc (2/2) D:10            Elf (0/3) Orc:2        Vaults (0/5) D:13
 Depths (0/5) D:15          Sewer (visited)          Bailey (visited)

Altars:
Ashenzari
Cheibriados
Dithmenos
Elyvilon
Fedhas
Gozag
Hepliaklqana
Kikubaaqudgha
Makhleb
Nemelex Xobeh
Okawaru
Qazlal
Ru
Sif Muna
Trog
Uskayaw
Vehumet
Wu Jian
Xom
Yredelemnul
Zin
The Shining One

Shops:
D:13 %   Orc:2 =(?![*[(

Annotations:
Lair:1 exclusion: 3 oklob plants


Innate Abilities, Weirdness & Mutations

You reflexively headbutt those who attack you in melee.
You have a pair of horns on your head.
You can translocate small distances at will.
You possess an exceptional clarity of mind.
You are robust. (+10% HP)


Message History

* * * LOW HITPOINT WARNING * * *
The acid corrodes you!
You are splashed with acid!
* * * LOW HITPOINT WARNING * * *
Your flying skull hits the oklob plant.
Your flying skull hits the oklob plant!
Your flying skull hits the oklob plant.
Your flying skull hits the oklob plant but does no damage.
Your flying skull completely misses the oklob plant.
Your flying skull hits the oklob plant.
Your flying skull hits the oklob plant but does no damage.
The oklob plant spits acid at your flying skull.
The splash of acid hits your flying skull!
Your flying skull is splashed with acid.
The acid corrodes your flying skull!
Your flying skull hits the oklob plant but does no damage.
The oklob plant spits acid at you. The splash of acid hits you.
* * * LOW HITPOINT WARNING * * *
You are splashed with acid!
You die...
Your body rises from the dead as a mindless zombie.

#.z# ##Z#
######Z######
#P≈≈...z.≈≈P#
#P≈.....[.≈P#
#P≈......)zP#
#P≈.......zP#
#P≈.......zP#
#P≈≈...@.≈zP#
#####...#####
#>>.# #####


You could see 3 oklob plants, a friendly skeletal warrior, 4 friendly flying
skulls and 2 friendly wolf zombies.

Vanquished Creatures
  2 orc warlords
  A frost giant (D:14)
  Snorg (D:10)
  The ghost of Ganamm the Cleaver, a journeyman FoFi of the Shining One (D:14)
  2 ice dragons (D:15)
  Harold (D:11)
  A hydra (D:11)
  10 two-headed ogres
  2 centaur warriors
  A queen ant (D:11)
  An unseen horror (D:11)
  A wizard (D:15)
  A wolf spider (D:15)
  4 orc knights
  3 deep elf magi
  6 ugly things
  2 orc sorcerers
  A manticore (D:14)
  2 cyclopes
  2 centaur zombies (D:10)
  Joseph (D:10)
  2 gargoyles
  A spiny frog (Lair:1)
  A komodo dragon (Lair:1)
  2 polar bears (D:12)
  5 trolls
  A centaur simulacrum (D:13)
  7 hippogriffs
  Sigmund (D:2)
  2 vampires
  3 shadows
  21 yaks
  A wyvern (D:10)
  Grum (D:8)
  A basilisk (Lair:1)
  2 steam dragons (D:10)
  A hungry ghost (D:8)
  A warg (Orc:1)
  5 soldier ants (D:11)
  A water moccasin (D:8)
  A porcupine (Lair:1)
  2 hell hounds (Orc:1)
  36 orc warriors
  3 sky beasts
  A meliai simulacrum (D:13)
  3 black bears
  4 ice beasts
  An eye of draining (D:9)
  5 boggarts (D:12)
  2 phantoms
  28 centaurs
  9 wolves
  11 ogres
  3 crocodiles
  A big kobold (D:11)
  9 bullfrogs
  5 scorpions
  21 wights
  A howler monkey (D:8)
  11 killer bees
  An electric eel (D:13)
  A bullfrog zombie (D:6)
  8 crimson imps
  21 orc priests
  A wyvern simulacrum (D:14)
  6 jellies
  6 hounds
  7 iguanas
  4 centaur skeletons
  22 orc wizards
  16 worker ants
  A bullfrog simulacrum (D:13)
  A hound skeleton (D:7)
  2 worker ant zombies
  A howler monkey skeleton (D:5)
  7 gnolls
  18 adders
  5 shadow imps
  3 white imps (D:13)
  5 oozes (D:8)
  2 adder skeletons
  5 worms
  A dart slug (D:1)
  8 leopard geckos
  92 orcs
  2 ball pythons (D:4)
  9 bats
  10 giant cockroaches
  15 goblins
  11 hobgoblins
  8 jackals
  20 kobolds
  3 quokkas
  2 frilled lizards
  A quokka zombie (D:7)
  13 rats
600 creatures vanquished.

Vanquished Creatures (collateral kills)
  Fannar (Lair:1)
  Erolcha (D:10)
  A hydra (Lair:1)
  3 centaur warriors
  2 two-headed ogres
  A skeletal warrior (D:9)
  A wizard (D:13)
  An orc knight (Orc:1)
  An ugly thing (D:12)
  Maurice (D:11)
  A spiny frog (Lair:1)
  2 komodo dragons (Lair:1)
  2 trolls
  A polar bear (D:13)
  2 water elementals (D:13)
  10 yaks
  A shadow (D:12)
  A soldier ant (D:11)
  2 water moccasins
  2 porcupines (Lair:1)
  2 ice beasts (D:13)
  4 orc warriors
  An ogre (D:14)
  2 wolves
  9 centaurs
  3 bullfrogs
  3 killer bees (D:11)
  A crimson imp (D:11)
  A bullfrog zombie (D:12)
  An orc priest (Orc:1)
  2 orc wizards (Orc:2)
  A bullfrog skeleton (D:12)
  An iguana (D:13)
  4 worker ants
  An adder (D:12)
  14 orcs
  A goblin (Bailey)
  4 kobolds
  2 fungi (Lair:1)
94 creatures vanquished.

Vanquished Creatures (others)
  A phantasmal warrior (Orc:2)
  A spectral cyclops (D:14)
  7 flying skulls
  4 wraiths
  2 vampires
  A centaur (Orc:2)
  A wight (D:11)
  8 centaur zombies
  An ogre skeleton (D:10)
  A human skeleton (D:10)
  A killer bee zombie (D:11)
  A hound skeleton (D:11)
  A mummy (Bailey)
  A steam dragon zombie (D:10)
  A scorpion zombie (D:10)
  An adder zombie (D:12)
  3 orc skeletons
  2 orcs
  A goblin skeleton (D:11)
  2 goblin zombies
  4 kobold zombies (Bailey)
  18 orc zombies
63 creatures vanquished.

Grand Total: 757 creatures vanquished

Notes
Turn   | Place    | Note
-------+----------+-------------------------------------------
     0 | D:1      | hallab the Minotaur Fighter began the quest for the Orb.
     0 | D:1      | Reached XP level 1. HP: 19/19 MP: 0/0
   402 | D:1      | Reached XP level 2. HP: 27/27 MP: 1/1
   954 | D:2      | Reached XP level 3. HP: 34/34 MP: 2/2
  1001 | D:2      | Noticed Sigmund
  1007 | D:2      | Killed Sigmund
  1007 | D:2      | Reached skill level 4 in Axes
  1007 | D:2      | Reached skill level 1 in Dodging
  1007 | D:2      | Reached XP level 4. HP: 24/41 MP: 3/3
  1007 | D:2      | Reached XP level 5. HP: 27/47 MP: 4/4
  1148 | D:2      | Reached skill level 5 in Fighting
  2249 | D:3      | Reached XP level 6. HP: 56/56 MP: 5/5
  2497 | D:4      | Reached skill level 5 in Axes
  2634 | D:4      | Found a glowing drain.
  2643 | Sewer    | Entered a sewer
  2916 | Sewer    | Reached skill level 5 in Shields
  3159 | D:4      | Reached skill level 5 in Armour
  3175 | D:4      | Reached XP level 7. HP: 46/61 MP: 6/6
  3186 | D:4      | Reached skill level 6 in Axes
  3554 | D:4      | You fall into a shaft and drop 1 floor!
  3554 | D:5      | Entered Level 5 of the Dungeon
  3787 | D:5      | Reached skill level 1 in Throwing
  4013 | D:5      | Reached skill level 7 in Axes
  4374 | D:5      | Found a staircase to the Ecumenical Temple.
  4379 | Temple   | Entered the Ecumenical Temple
  4500 | Temple   | Became a worshipper of Yredelemnul the Dark
  5130 | D:4      | Reached XP level 8. HP: 69/69 MP: 7/7
  5572 | D:6      | Found an iron altar of Okawaru.
  5709 | D:6      | Reached skill level 8 in Axes
  6110 | D:6      | Reached skill level 1 in Invocations
  6633 | D:7      | Reached skill level 9 in Axes
  6865 | D:7      | Reached XP level 9. HP: 62/75 MP: 10/10
  7270 | D:7      | Reached * piety under Yredelemnul
  7541 | D:7      | Reached skill level 10 in Axes
  7547 | D:7      | Noticed a troll
  7578 | D:7      | Killed a troll
  7578 | D:7      | Reached skill level 5 in Invocations
  8156 | D:7      | Got a steaming golden ring
  8156 | D:7      | Got a sparkling golden ring
  8366 | D:8      | Found a staircase to the Lair.
  8392 | D:8      | Reached skill level 11 in Axes
  8814 | D:8      | Reached XP level 10. HP: 68/83 MP: 14/14
  8981 | D:8      | Reached ** piety under Yredelemnul
  9166 | D:8      | Identified the ring of Balance {-Tele rElec rC+ Str+6
                  | Dex+4} (You found it on level 7 of the Dungeon)
  9168 | D:8      | Identified the ring "Yniocuv" {AC+3 Str+4} (You found it on
                  | level 7 of the Dungeon)
  9200 | D:8      | Reached skill level 12 in Axes
  9313 | D:8      | Noticed Grum
  9321 | D:8      | Killed Grum
 10070 | D:9      | Noticed a two-headed ogre
 10078 | D:9      | Killed a two-headed ogre
 10350 | D:9      | Reached skill level 13 in Axes
 10415 | D:9      | Found a stormy altar of Qazlal.
 10469 | D:9      | Found Ynaep's Food Shop.
 10472 | D:9      | Bought a ration for 55 gold pieces
 10472 | D:9      | Bought a ration for 55 gold pieces
 10472 | D:9      | Bought a ration for 55 gold pieces
 10472 | D:9      | Bought a ration for 55 gold pieces
 10472 | D:9      | Bought a ration for 55 gold pieces
 10472 | D:9      | Bought a ration for 55 gold pieces
 10472 | D:9      | Bought a ration for 55 gold pieces
 10472 | D:9      | Bought a ration for 55 gold pieces
 10483 | D:9      | Noticed a two-headed ogre
 10490 | D:9      | Killed a two-headed ogre
 10527 | D:9      | Reached *** piety under Yredelemnul
 10531 | D:9      | Reached XP level 11. HP: 89/89 MP: 17/17
 10613 | D:9      | Noticed a skeletal warrior
 10641 | D:9      | Killed a skeletal warrior
 10993 | D:10     | Entered Level 10 of the Dungeon
 11056 | D:10     | Reached skill level 10 in Invocations
 11085 | D:10     | Found an ornate altar of the Wu Jian Council.
 11085 | D:10     | Identified the cursed +0 buckler of the Nexus {+Inv Int+4}
 11187 | D:10     | Noticed Joseph
 11198 | D:10     | Killed Joseph
 11198 | D:10     | Reached skill level 14 in Axes
 11430 | D:10     | Noticed Erolcha
 11444 | D:10     | Killed Erolcha
 11699 | D:10     | Your ally Erolcha died
 11702 | D:10     | Your ally Joseph died
 11745 | D:10     | Noticed a two-headed ogre
 11746 | D:10     | Found a staircase to the Orcish Mines.
 11752 | D:10     | Killed a two-headed ogre
 12071 | D:10     | Noticed Snorg
 12086 | D:10     | Killed Snorg
 12304 | D:10     | Identified the Volume of the Battered Wishes
 12310 | D:10     | Gained mutation: You can translocate small distances at
                  | will. [potion of mutation]
 12310 | D:10     | Gained mutation: You possess an exceptional clarity of
                  | mind. [potion of mutation]
 12310 | D:10     | Gained mutation: You are robust. (+10% HP) [potion of
                  | mutation]
 12341 | D:10     | Reached **** piety under Yredelemnul
 12706 | D:11     | Noticed Harold
 12738 | D:11     | Killed Harold
 13058 | D:11     | Found a flagged portal.
 13063 | Bailey   | Entered a bailey
 13085 | Bailey   | Noticed an orc warlord
 13086 | Bailey   | Received a gift from Yredelemnul (a mummy)
 13191 | Bailey   | Found a runed translucent gate.
 13193 | Bailey   | Found a runed translucent gate.
 13195 | Bailey   | Found a runed translucent gate.
 13201 | Bailey   | Noticed an orc knight
 13222 | Bailey   | Killed an orc knight
 13474 | Bailey   | Killed an orc warlord
 13474 | Bailey   | Reached skill level 15 in Axes
 13474 | Bailey   | Reached XP level 12. HP: 92/104 MP: 19/19
 13474 | Bailey   | Received a gift from Yredelemnul (a wight)
 13607 | D:11     | Noticed a seven-headed hydra
 13615 | D:11     | Killed a seven-headed hydra
 13777 | D:11     | Noticed a queen ant
 13797 | D:11     | Killed a queen ant
 13838 | D:11     | Received a gift from Yredelemnul (4 flying skulls)
 14369 | D:11     | Noticed Maurice
 14374 | D:11     | Killed Maurice
 14806 | D:12     | Found a bloodstained altar of Trog.
 14882 | D:12     | Reached skill level 5 in Dodging
 14906 | D:12     | Received a gift from Yredelemnul (a wraith)
 15259 | D:12     | Noticed a two-headed ogre
 15265 | D:12     | Killed a two-headed ogre
 15265 | D:12     | Received a gift from Yredelemnul (3 flying skulls)
 15344 | D:12     | Noticed a two-headed ogre
 15351 | D:12     | Reached skill level 10 in Armour
 15575 | D:12     | Reached skill level 10 in Shields
 15659 | D:12     | Upgraded the game from 0.24.0-123-gd5b16e6ec5 to
                  | 0.24.0-124-g2791043dd8
 15675 | D:12     | Received a gift from Yredelemnul (a wraith)
 15746 | D:13     | Noticed a two-headed ogre
 15747 | D:13     | Noticed a two-headed ogre
 15753 | D:13     | Killed a two-headed ogre
 15753 | D:13     | Reached XP level 13. HP: 112/112 MP: 20/20
 16128 | D:13     | Found Giepp's Food Shop.
 16146 | D:13     | Bought a ration for 65 gold pieces
 16146 | D:13     | Bought a ration for 65 gold pieces
 16146 | D:13     | Bought a ration for 65 gold pieces
 16146 | D:13     | Bought a ration for 65 gold pieces
 16146 | D:13     | Bought a ration for 65 gold pieces
 16146 | D:13     | Bought a ration for 65 gold pieces
 16166 | D:13     | Reached ***** piety under Yredelemnul
 16191 | D:13     | Identified Atzoaq's Reference Book on Dusty Changing
 16304 | D:13     | Found a gate to the Vaults.
 16311 | D:13     | Received a gift from Yredelemnul (a wraith)
 16829 | D:14     | Received a gift from Yredelemnul (a vampire)
 16914 | D:14     | Reached skill level 16 in Axes
 17026 | D:14     | Noticed Ganamm's ghost (journeyman FoFi)
 17026 | D:14     | Identified the +4 great mace of Baniecs {freeze, +Rage
                  | rElec rPois rC-}
 17026 | D:14     | Noticed a frost giant
 17027 | D:14     | Found a transporter.
 17046 | D:14     | Found a transporter.
 17087 | D:14     | Killed a frost giant
 17109 | D:14     | Killed Ganamm's ghost
 17384 | D:14     | Received a gift from Yredelemnul (a wraith)
 17672 | D:15     | Entered Level 15 of the Dungeon
 17839 | D:15     | Found a staircase to the Depths.
 18270 | D:15     | Reached XP level 14. HP: 60/118 MP: 21/21
 18993 | Orc:1    | Entered Level 1 of the Orcish Mines
 18994 | Orc:1    | Noticed an orc warlord
 19077 | Orc:1    | Killed an orc warlord
 19080 | Orc:1    | Received a gift from Yredelemnul (4 flying skulls)
 19149 | Orc:1    | You fall into a shaft and drop 1 floor!
 19149 | Orc:2    | Entered Level 2 of the Orcish Mines
 19183 | Orc:2    | Received a gift from Yredelemnul (a phantasmal warrior)
 19183 | Orc:2    | Received a gift from Yredelemnul (a vampire)
 19223 | Orc:2    | Received a gift from Yredelemnul (a skeletal warrior)
 19341 | Orc:2    | Found Fuczetij's Antique Weapon Boutique.
 19377 | Orc:2    | Found Jafynuc's General Store.
 19386 | Orc:2    | Bought a potion of might for 68 gold pieces
 19397 | Orc:2    | Found Vufaug's Armour Boutique.
 19443 | Orc:2    | Found a staircase to the Elven Halls.
 19462 | Orc:2    | Found Waupuunn's Antique Armour Emporium.
 19735 | Orc:2    | Found Lostrast's Magic Scroll Shoppe.
 19735 | Orc:2    | Found Dobocw's Weapon Shop.
 19737 | Orc:2    | Found Ydgheto's Jewellery Boutique.
 19739 | Orc:2    | Found Guotwuet's Distillery.
 19743 | Orc:2    | Bought a scroll of enchant weapon for 90 gold pieces
 19743 | Orc:2    | Bought a scroll of enchant armour for 90 gold pieces
 19751 | Orc:2    | Bought a potion of heal wounds for 60 gold pieces
 19751 | Orc:2    | Bought a potion of curing for 36 gold pieces
 19751 | Orc:2    | Bought a potion of curing for 36 gold pieces
 19751 | Orc:2    | Bought 2 potions of berserk rage for 120 gold pieces
 19751 | Orc:2    | Bought 2 potions of might for 96 gold pieces
 19751 | Orc:2    | Bought a potion of heal wounds for 60 gold pieces
 20528 | Lair:1   | Entered Level 1 of the Lair of Beasts
 20585 | Lair:1   | Received a gift from Yredelemnul (a skeletal warrior)
 20766 | Lair:1   | Noticed Fannar
 20777 | Lair:1   | Killed Fannar
 20914 | Lair:1   | Splashed by an oklob plant's acid

Levels and vault maps discovered:
D:1:      zaba_arrival_water, layout_loops_ring, minmay_misc_feat_ornament,
          columned_hall_lemuel, glass_columns_a, minivault_4
D:2:      layout_loops_ring, uniq_sigmund
D:3:      layout_basic
D:4:      layout_rooms, cheibrodos_sewer_entry_drain, first_ration
D:5:      kennysheep_six_static_rooms, layout_basic,
          minmay_temple_entry_nine_rooms, guppyfry_early_orc_mine
D:6:      layout_loops_corners, okawaru_altar_gauntlet_db
D:7:      minmay_the_grid_four_pointed_star
          [minmay_the_grid_triangle_9x9_warning,
          minmay_the_grid_triangle_9x9_longest,
          minmay_the_grid_triangle_9x9_impossible_snake,
          minmay_the_grid_triangle_9x9_intruding_spiral,
          minmay_the_grid_prize_shrinking_boxes], layout_layer_cave
D:8:      minmay_curly_fans, layout_basic, lair_entry_dummy,
          hangedman_little_slice_of_home, uniq_grum
D:9:      kennysheep_big_flooded_room, layout_irregular_city,
          nicolae_qazlal_style_of_elements, serial_shops,
          nicolae_shop_behind_doors
D:10:     cheibrodos_steamvent, layout_loops_ring, orc_0_dummy, basic_altar,
          special_room [special_room_orc], uniq_erolcha, uniq_joseph, uniq_snorg
D:11:     layout_stronghold, enter_bailey_3, minmay_another_anthill,
          uniq_maurice, uniq_harold
D:12:     layout_roguey, minmay_misc_feat_enclosed,
          chequers_serial_rivers_micro_b, trog_ov_bears_minmay
D:13:     layout_long_grid, david_vaults_1, serial_ice, serial_ice_f,
          serial_ice_j, serial_ice_e, serial_ice_h, serial_ice_g, serial_ice_m,
          serial_ice_n, serial_ice_c, serial_shops, shop, hangedman_decor_push
D:14:     layout_rooms, gammafunk_ghost_smash, kennysheep_doodads
D:15:     grunt_enter_depths_hoard, layout_loops_corners, nrook_mini_backslash,
          glass_columns_a
Temple:   roderic_octagonal_lattice_temple
Lair:1:   dpeg_oklob_gauntlet, layout_hall_layers, grunt_megastairs_5,
          uniq_fannar
Orc:1:    layout_diamond_mine, enter_volcano_3
Orc:2:    st_orc_rangers, layout_diamond_mine, serial_shops, shop_statue,
          nicolae_shop_behind_doors, nicolae_shop_stone, nicolae_shop_waterfront

Skill      XL: |  1  2  3  4  5  6  7  8  9 10 11 12 13 14 |
---------------+-------------------------------------------+-----
Fighting       | 4 5 |  5.7
Armour         | 4 5 6 7 10 12 13 | 13.5
Axes           | 4 5 7 9 11 13 15 16 | 16.6
Dodging        | 1 2 3 5 7 8 |  8.5
Shields        | 4 5 7 10 12 13 | 13.4
Throwing       | 2 |  2.3
Invocations    | 3 7 9 11 | 11.1
Stealth        | |  0.1

Action                   |  1- 3 |  4- 6 |  7- 9 | 10-12 | 13-15 || total
-------------------------+-------+-------+-------+-------+-------++-------
Melee: War axe           |    46 |   131 |       |       |       ||   177
       Headbutt          |     8 |    30 |    73 |   283 |   246 ||   640
       Hand axe          |       |    63 |   366 |   748 |   572 ||  1749
       Flail             |       |       |       |     6 |       ||     6
Throw: Dart              |     3 |     1 |    21 |       |       ||    25
       Boomerang         |       |       |    12 |    45 |     2 ||    59
       Javelin           |       |       |       |     7 |     8 ||    15
       Stone             |       |       |       |     1 |       ||     1
Invok: Animate Remains   |       |       |       |     8 |       ||     8
       Animate Dead      |       |       |       |    40 |    35 ||    75
       Injury Mirror     |       |       |       |     3 |     3 ||     6
       Recall Undead Sla |       |       |       |     5 |     5 ||    10
       Drain Life        |       |       |       |     2 |     9 ||    11
       Enslave Soul      |       |       |       |       |     1 ||     1
Evoke: Wand              |       |       |     1 |     1 |     4 ||     6
  Use: Scroll            |       |     5 |     8 |     5 |     3 ||    21
       Potion            |       |     2 |     7 |     4 |     3 ||    16
 Stab: Distracted        |       |       |       |     2 |     7 ||     9
  Eat: Chunk             |       |     8 |    14 |    26 |    13 ||    61
       Ration            |       |       |     1 |     4 |     6 ||    11
Armor: Scale mail        |    16 |    43 |       |       |       ||    59
       Chain mail        |       |    68 |   181 |   241 |   150 ||   640
Dodge: Dodged            |    11 |    53 |    94 |   179 |   186 ||   523
Block: Shield            |    27 |   109 |   185 |   347 |   344 ||  1012
